 Dungeon Crawl Stone Soup version 0.26-a0-812-g31a745ddcd (webtiles) character file.

Game seed: 11267404295222026627

81 Dracia the Conjurer (level 4, -5/33 HPs)
             Began as a Draconian Conjurer on Dec 8, 2020.
             Slain by an orc
             ... wielding a +0 morningstar
              (14 damage)
             ... on level 3 of the Dungeon.
             The game lasted 00:02:23 (1236 turns).

Dracia the Conjurer (Draconian Conjurer)            Turns: 1236, Time: 00:02:23

Health: -5/33      AC:  5    Str:  9    XL:     4   Next: 20%
Magic:  8/8        EV: 12    Int: 19    God:
Gold:   154        SH:  0    Dex: 10    Spells: 8/9 levels left

rFire    . . .     SeeInvis .   d - +2 whip (elec)
rCold    . . .     Faith    .   (no shield)
rNeg     . . .     Spirit   .   (armour unavailable)
rPois    .         Reflect  .   (helmet restricted)
rElec    .         Harm     .   (no cloak)
rCorr    .         Rampage  .   (no gloves)
MR       .....                  (no boots)
Stlth    ++........             (no amulet)
HPRegen  0.11/turn              (no ring)
MPRegen  0.11/turn              (no ring)

@: mighty
A: unfitting armour, cold-blooded, AC +5
a: no special abilities


You were on level 3 of the Dungeon.
You visited 1 branch of the dungeon, and saw 3 of its levels.

You collected 154 gold pieces.


Innate Abilities, Weirdness & Mutations

Your plain brown scales are hard. (AC +5)
You cannot fit into any form of body armour.
You are cold-blooded and may be slowed by cold attacks.


   Skills:
 - Level 1.7 Dodging
 - Level 1.7 Stealth
 + Level 3.2 Spellcasting
 + Level 4.9 Conjurations


You had 8 spell levels left.
You knew the following spells:

 Your Spells              Type           Power        Failure   Level
z - Magic Dart            Conj           ###.         1%          1

Your spell library contained the following spells:

 Spells                   Type           Power        Failure   Level
 Searing Ray              Conj           ###...       3%          2
 Dazzling Flash           Conj/Hex       ##....       16%         3
 Fulminant Prism          Conj/Hex       ##........   47%         4
 Iskenderun's Mystic Bla  Conj/Tloc      ##......     47%         4

Inventory:

Hand Weapons
 d - a +2 whip of electrocution (weapon)
Scrolls
 a - 3 scrolls of teleportation {unknown}
 e - 4 scrolls of identify {unknown}
 f - a scroll of fear {unknown}
 h - a scroll of noise {unknown}
 j - a scroll of amnesia {unknown}
Potions
 c - a potion of resistance {unknown}
 g - a potion of might

Dungeon Overview and Level Annotations

Branches:
Dungeon (2/15)

Altars:

#
.B..########
......)(@o.#
##########.#
#.....#
#.###o#
#.ooo.oo..#
#.#o####..#
..$... ###
###


You could see an orc and a giant cockroach (wandering).


Message History

You closely miss the goblin. The goblin hits you with a +0 dagger.
* * * LOW HITPOINT WARNING * * *
The orc misses you.
You whack the goblin!
You kill the goblin!
The orc hits you but does no damage.
You whack the orc! Lightning courses through the orc!
You kill the orc!
You hit the orc. Lightning courses through the orc!
You kill the orc!
You closely miss the orc.
The orc is severely wounded.
The orc misses you.
You whack the orc! Lightning courses through the orc!
You kill the orc!
You whack the orc!
You kill the orc!
The orc barely misses you.
Items here: )))) [ †††.
You closely miss the orc. The orc barely misses you.
You whack the orc!
You kill the orc!
The orc misses you.
You hit the orc.
The orc is heavily wounded.
You barely miss the orc.
The orc is heavily wounded.
A giant cockroach comes into view.
The orc hits you with a +0 morningstar!
You die...

Skill      XL: |  1  2  3 |
---------------+----------+-----
Spellcasting   | 3 |  3.2
Dodging        | |  1.7
Stealth        | |  1.7
Conjurations   | |  4.9

Action                   |  1- 3 |  4- 6 || total
-------------------------+-------+-------++-------
Melee: Unarmed           |    16 |       ||    16
       Tailslap          |     4 |       ||     4
       Whip              |    51 |    14 ||    65
 Cast: Magic Dart        |    11 |       ||    11
  Use: Potion            |     3 |       ||     3
 Stab: Sleeping          |     2 |       ||     2
Armor: Skin              |    18 |     3 ||    21
Dodge: Dodged            |    49 |     7 ||    56

Levels and vault maps discovered:
D:1:      evilmike_arrival_fibonacci_small, layout_basic
D:2:      lemuel_upstairs_altar, layout_basic
D:3:      layout_loops_ring, palyth_stone_intersect

Notes
Turn   | Place    | Note
-------+----------+-------------------------------------------
     0 | D:1      | Dracia the Draconian Conjurer began the quest for the Orb.
     0 | D:1      | Reached XP level 1. HP: 14/14 MP: 3/3
   493 | D:1      | Reached XP level 2. HP: 20/20 MP: 5/5
   975 | D:2      | Reached XP level 3. HP: 26/26 MP: 7/7
  1196 | D:2      | You fall into a shaft and drop 1 floor!
  1214 | D:3      | HP: 1/26 [orc wizard/magic dart (6)]
  1221 | D:3      | Reached skill level 3 in Spellcasting
  1221 | D:3      | Reached XP level 4. HP: 18/33 MP: 8/8
  1236 | D:3      | Slain by an orc

Vanquished Creatures
  An orc wizard (D:3)
  2 leopard geckos (D:2)
  6 orcs (D:3)
  2 bats
  5 giant cockroaches
  7 goblins
  8 hobgoblins
  3 kobolds
  3 rats (D:1)
37 creatures vanquished.

Table legend: (Time is in decaauts)
 A = Elapsed time spent in this place.
 B = Non-inter-level travel time spent in this place.
 C = Inter-level travel time spent in this place.
 D = Time resting spent in this place.
 E = Time spent auto-exploring this place.
 F = Levels seen in this place.
 G = Mean time per level.
                   A        B        C        D        E       F      G
               +--------+--------+--------+--------+--------+-----+--------+
         Total |   1241 |   1202 |     39 |      0 |    997 |   3 |  413.7 |
       Dungeon |   1241 |   1202 |     39 |      0 |    997 |   3 |  413.7 |
               +--------+--------+--------+--------+--------+-----+--------+

Top non-repeatable levels by time:
     D:1: 859 daAuts
     D:2: 340 daAuts
     D:3: 42 daAuts

Table legend:
 A = Non-vault XP
 B = Vault XP
 C = Vault XP percentage of total XP
 D = Non-vault monster count
 E = Vault monster count
 F = Vault count percentage of total count
                 A         B        C        D         E       F
            +---------+---------+-------+---------+---------+-------
      Total |     117 |       0 |   0.0 |      37 |       0 |   0.0
            +---------+---------+-------+---------+---------+-------
        D:1 |      36 |       0 |   0.0 |      20 |       0 |   0.0
        D:2 |      17 |       0 |   0.0 |       8 |       0 |   0.0
        D:3 |      64 |       0 |   0.0 |       9 |       0 |   0.0
            +---------+---------+-------+---------+---------+-------
